 Dungeon Crawl Stone Soup version 0.14-a0-2432-g6b3afca (webtiles) character file.

160861 M4edhros the Slinger (level 17, -4/105 HPs)
             Began as an Octopode Hunter on Feb 4, 2014.
             Was a High Priest of Fedhas.
             Slain by a tentacled starspawn (38 damage)
             ... on Level 1 of the Abyss on Feb 5, 2014.
             The game lasted 05:13:17 (41087 turns).

M4edhros the Slinger (Octopode Hunter)             Turns: 41087, Time: 05:13:17

HP  -4/105       AC  8     Str 10      XL: 17   Next: 71%
MP  24/43        EV 23     Int 14      God: Fedhas [*****.]
Gold 2841        SH 24     Dex 18 (19) Spells:  9 memorised, 12 levels left

rFire  + . .     SeeInvis .     W - +0,+2 demon blade (elec)
rCold  + + .     Clarity  +     G - +1 shield {AC+3}
rNeg   . . .     Conserve .     E - +2 hat
rPois  .         rCorr    .     j - amulet of faith
rElec  +         rRot     .     K - ring of teleportation
SustAb . .       Spirit   .     z - ring of Esujuohe {Wiz rElec}
rMut   .         Warding  .     R - ring of protection from cold
Saprov . . .     Rnd*Tele +     T - ring of protection from fire
MR     +....                    F - ring of wizardry
                                y - +4 ring of evasion
                                O - ring "Crabej" {Hunger- +Fly rElec Str-1}
                                p - ring of protection from cold

@: regenerating, drained, somewhat resistant to hostile enchantments, stealthy
A: almost no armour, amphibious, 8 rings, constrict 8, slimy green scales 1,
camouflage 1, berserk 1, clarity, fast metabolism 1, high mp 2, spit poison 2,
gelatinous body 1, evolution 1
a: Spit Poison, Evolution, Sunlight, Growth, Reproduction, Rain, Renounce
Religion, Evoke Flight, Evoke Teleportation


You were on level 1 of the Abyss.
You worshipped Fedhas.
Fedhas was extremely pleased with you.
You were not hungry.

You visited 6 branches of the dungeon, and saw 33 of its levels.
You visited the Abyss 1 time.
You also visited: Labyrinth and Sewer.

You collected 3737 gold pieces.
You spent 896 gold pieces at shops.

Inventory:

Hand weapons
 d - a +6 blowgun
 e - a +6,+7 sling of velocity (quivered)
 r - the +2,+2 Staff of Olgreb {rPois}
   (You found it on level 1 of the Spider Nest)

   It protects you from poison.
 W - a +0,+2 demon blade of electrocution (weapon)
Missiles
 a - 4 sling bullets of frost
 b - 9 steel sling bullets
 c - 21 sling bullets
 k - 24 sling bullets of flame
 o - 3 stones
 w - 15 curare-tipped needles
 x - 32 poisoned sling bullets
 Q - 23 exploding sling bullets
Armour
 E - a +2 hat (worn)
 G - a +1 shield of protection (worn)
Magical devices
 D - a wand of digging (1)
 J - a wand of cold (0)
 M - a wand of digging (6)
 P - a wand of slowing (13)
Comestibles
 f - 2 bread rations
Scrolls
 h - 2 scrolls of fear
 s - 5 scrolls of fog
 B - a scroll of silence
 C - a scroll of summoning
Jewellery
 j - an amulet of faith (around mantle)
 p - a ring of protection from cold (on tentacle)
 q - an uncursed ring of protection from magic {unknown}
 y - a +4 ring of evasion (on tentacle)
 z - the ring of Esujuohe (right tentacle) {Wiz rElec}
   (You took it off a deep elf demonologist on level 3 of the Elven Halls)

   [ring of wizardry]

   It insulates you from electricity.
 F - a ring of wizardry (on tentacle)
 I - a +6 ring of strength {unknown}
 K - a ring of teleportation (left tentacle)
 N - an uncursed amulet of the gourmand
 O - the ring "Crabej" (on tentacle) {Hunger- +Fly rElec Str-1}
   (You found it on level 3 of the Spider Nest)

   [ring of sustenance]

   It affects your strength (-1).
   It insulates you from electricity.
   It lets you fly.
 R - a ring of protection from cold (on tentacle)
 T - a ring of protection from fire (on tentacle)
Potions
 A - a potion of magic
 U - 3 potions of resistance
Miscellaneous
 i - a fan of gales (inert)
 l - a disc of storms
 L - a stone of tremors (inert)
Rods
 n - a +4 rod of warding (13/13)
   (You took it off a deep elf annihilator on level 3 of the Elven Halls)
 u - a +5 rod of venom (13/13)
   (You took it off a deep elf demonologist on level 3 of the Elven Halls)


   Skills:
 - Level 6.1(5.7) Fighting
 - Level 13.5(13.0) Slings
 - Level 10.2(9.7) Dodging
 - Level 1.3(0.9) Stealth
 - Level 10.3(9.8) Shields
 * Level 12.2(11.7) Spellcasting
 + Level 8.9(8.4) Conjurations
 - Level 5.1(4.7) Charms
 - Level 4.0(3.6) Necromancy
 - Level 5.4(5.0) Fire Magic
 - Level 5.3(4.9) Air Magic
 + Level 9.6(9.1) Poison Magic
 + Level 10.9(10.4) Invocations
 + Level 11.5(11.0) Evocations


You had 12 spell levels left.
You knew the following spells:

 Your Spells              Type           Power        Failure   Level  Hunger
a - Mephitic Cloud        Conj/Pois/Air  ####....     1%          3    None
b - Regeneration          Chrm/Necr      ###.......   2%          3    None
c - Conjure Flame         Conj/Fire      ####....     1%          3    None
d - Venom Bolt            Conj/Pois      ####......   2%          5    ####...
e - Repel Missiles        Chrm/Air       ###.......   1%          2    None
f - Sticky Flame          Conj/Fire      ####....     2%          4    ###....
g - Control Teleport      Chrm/Tloc      ##........   13%         4    ###....
h - Portal Projectile     Tloc           #.....       5%          2    None
i - Blink                 Tloc           N/A          5%          2    None


Dungeon Overview and Level Annotations

Branches:
Dungeon (12/16)            Temple (1/1) D:6             Orc (4/4) D:10
    Elf (3/3) Orc:3          Lair (8/8) D:8           Swamp (0/5) Lair:6
 Spider (5/5) Lair:6        Slime (0/6) Lair:7

Altars:
Ashenzari
Cheibriados
Dithmengos
Elyvilon
Fedhas
Kikubaaqudgha
Makhleb
Nemelex Xobeh
Okawaru
Sif Muna
Trog
Vehumet
Xom
Yredelemnul
Zin
The Shining One
Beogh

Shops:
D:4 :   D:11 :   Orc:4 :*(?

Annotations:
D:3 Sigmund


Innate Abilities, Weirdness & Mutations

You cannot wear most types of armour.
You are amphibious.
You can wear up to eight rings at the same time.
You can use your tentacles to constrict many enemies at once.
Your skin changes colour to match your surroundings (Stlth).
Your rubbery body absorbs attacks (AC +1).
You are partially covered in slimy green scales (AC +2).
You tend to lose your temper in combat.
You possess an exceptional clarity of mind.
You have a fast metabolism.
You have a considerably increased reservoir of magic (+20% MP).
You can spit moderately strong poison.
You evolve.


Message History

The thrashing horror barely misses you.
The thrashing horror completely misses you.
You block the tentacled starspawn's attack.
The tentacled starspawn engulfs you!
You hit the tentacled starspawn.
The tentacled starspawn is severely damaged.
The thrashing horror misses you.
You block the thrashing horror's attack.
The tentacled starspawn closely misses you.
The tentacled starspawn engulfs you but does no damage.
You hit the tentacled starspawn but do no damage.
You squeeze the tentacled starspawn, but do no damage.
The tentacled starspawn is severely damaged.
You block the tentacled starspawn's attack.
The tentacled starspawn bites you! The tentacled starspawn engulfs you.
You hit the tentacled starspawn.
There is a sudden explosion of sparks!
The tentacled starspawn is almost destroyed.
The tentacled starspawn bites you!
You die...
Fedhas appreciates your contribution to the ecosystem.

#. ##...# #.
# ...##.#
...#.X.# .
#..# .# .##
## ##. #.##.
. #.### .# .
. #.## # ##
#... #.#X
..##.###... .
#.C.X..#....#
. ##.. .
#@.#w #.#ยง
##X##......#
.. # #.w#
....# X ...#.
..#.. . ....
.# .... ....#
.# #. .##.#
#. # #


You could see a tentacled starspawn and a starspawn tentacle.

Vanquished Creatures
  Nikola (Spider:5)
  Arachne (Spider:2)
  2 deep elf blademasters (Elf:3)
  An eldritch tentacle (Elf:1)
  Agnes (Spider:1)
  Kirke (Spider:3)
  An orc warlord (Orc:2)
  An emperor scorpion (Spider:5)
  2 deep elf demonologists (Elf:3)
  The ghost of Gorice the Eclecticist, a powerful DEIE of Sif Muna (Orc:4)
  A deep elf annihilator (Elf:3)
  A spriggan air mage (Abyss:1)
  The ghost of wojtek the Slicer, a powerful KoAs of Dithmengos (Lair:7)
  Snorg (Spider:2)
  3 deep elf death magi (Elf:3)
  A minotaur (Lab)
  A deep elf high priest (Elf:3)
  6 hydras
  The ghost of DasRunzen the Arsonist, a powerful DjFE of Makhleb (D:11)
  A wretched star (Abyss:1)
  2 spectral elves (Elf:3)
  A shadow demon (Abyss:1)
  9 deep elf knights
  A lindwurm (Lair:7)
  2 unseen horrors (D:11)
  A wizard (Elf:2)
  A hill giant (D:10)
  An oklob plant (Lair:7)
  Pikel (D:8)
  5 deep elf conjurers
  3 large abominations
  Joseph (D:9)
  3 red wasps
  15 wolf spiders
  A griffon (Lair:3)
  A red wasp (shapeshifter) (Elf:3)
  An orc sorcerer (Elf:3)
  An air elemental (Orc:2)
  2 cyclopes (D:11)
  A sixfirhy (Abyss:1)
  15 elephants
  5 black mambas
  A feature mimic (Lair:6)
  A spriggan druid (Lair:8)
  11 spiny frogs
  A queen ant (Spider:2)
  4 deep elf summoners
  16 demonic crawlers
  A yaktaur (shapeshifter) (Elf:1)
  2 smoke demons (Abyss:1)
  32 jumping spiders
  7 deep elf priests
  5 komodo dragons
  2 formicid venom magi
  15 giant fireflies (Lair:8)
  21 orb spiders
  An ancient zyme (Abyss:1)
  3 hellwings (Abyss:1)
  A centaur skeleton (D:11)
  4 fire drakes
  Sonja (D:11)
  8 spriggans (Lair:8)
  Prince Ribbit (D:6)
  2 trolls (D:10)
  2 two-headed ogres
  14 blink frogs
  6 grizzly bears
  A boulder beetle (Spider:5)
  13 trapdoor spiders
  63 redbacks
  2 sharks (Spider:4)
  2 wraiths
  3 elephant slugs
  A chaos spawn (Abyss:1)
  2 neqoxecs (Abyss:1)
  A wyvern (D:12)
  20 deep elf magi
  18 tarantellas
  A fire bat (shapeshifter) (Elf:2)
  21 yaks
  23 deep elf fighters
  5 golden eyes (Abyss:1)
  3 spatial vortices (Elf:1)
  4 hippogriffs
  3 hogs
  Edmund (D:6)
  18 wolves (Lair:8)
  9 soldier ants
  A necrophage (D:8)
  3 slaves (D:8)
  4 hell hounds (Abyss:1)
  6 porcupines
  2 phantoms
  2 sky beasts
  5 ice beasts
  25 orc warriors
  5 small abominations
  2 giant goldfish (Spider:4)
  9 black bears (Lair:8)
  7 centaurs
  17 crocodiles
  7 ogres
  2 boring beetles
  2 wargs
  Duvessa (D:8)
  A big kobold (D:12)
  5 giant slugs
  Blork the orc (D:8)
  6 agate snails
  3 gnoll sergeants
  18 giant frogs
  3 insubstantial wisps (Elf:1)
  9 water moccasins
  An eye of draining (D:11)
  8 wights
  2 jellyfish (Spider:4)
  A hippogriff skeleton (D:7)
  A giant frog zombie (D:7)
  Dowan (D:8)
  7 electric eels
  11 crimson imps
  2 goliath beetles
  6 killer bees
  3 gnoll shamans (D:3)
  6 starcursed masses (Abyss:1)
  A scorpion (shapeshifter) (Elf:3)
  6 hounds
  4 jellies
  40 spiders
  5 big fish
  6 iguanas
  26 orc priests
  26 orc wizards
  9 scorpions
  22 worker ants
  Natasha (D:3)
  7 orange rats
  10 sheep
  An ogre skeleton (D:11)
  Terence (D:3)
  A mummy (D:9)
  38 gnolls
  91 green rats
  A lemure (Abyss:1)
  5 giant centipedes
  5 giant mites
  An inept feature mimic (Orc:2)
  25 adders
  2 orc skeletons
  12 worms
  2 goliath beetle zombies
  An adder skeleton (D:6)
  10 grey rats
  6 giant eyeballs
  11 giant geckos
  2 oozes
  185 orcs
  5 ball pythons
  42 bats
  13 giant cockroaches
  21 goblins
  21 hobgoblins
  64 jackals
  16 quokkas
  A ball python skeleton (D:4)
  14 giant newts
  A giant spore (D:7)
  A hobgoblin skeleton (D:7)
  An illusory rakshasa (Abyss:1)
  17 kobolds
  A kobold skeleton (D:4)
  84 rats
  3 ballistomycetes (D:7)
  A butterfly (Orc:4)
  2 fungi
  3 plants
1547 creatures vanquished.

Vanquished Creatures (collateral kills)
  Asterion (Elf:2)
  4 deep elf sorcerers (Elf:3)
  3 deep elf demonologists (Elf:3)
  A blizzard demon (Elf:3)
  A deep elf annihilator (Elf:3)
  4 deep elf death magi (Elf:3)
  A deep elf high priest (Elf:3)
  2 spectral elves (Elf:3)
  4 orc high priests (Orc:4)
  4 large abominations
  A deep elf conjurer (Elf:3)
  3 orc sorcerers
  A phantasmal warrior (Abyss:1)
  A spriggan (Lair:8)
  3 jumping spiders (Spider:1)
  2 redbacks
  A chaos spawn (Abyss:1)
  A tarantella (Spider:1)
  A spatial vortex (Elf:1)
  6 small abominations
  3 orc warriors (Orc:4)
  2 wargs
  6 orc priests (Orc:4)
  2 worker ants (Spider:2)
  3 orc wizards (Orc:4)
  An orange rat (Elf:1)
  2 lemures
  2 orcs (Orc:4)
  A hobgoblin (Orc:4)
  An orc skeleton (Orc:2)
  A crawling corpse (Elf:3)
  A fungus (Elf:2)
70 creatures vanquished.

Vanquished Creatures (others)
  2 oklob plants (Elf:3)
  6 wandering mushrooms
  An air elemental (Abyss:1)
  A jumping spider (Spider:3)
  A human (D:6)
  A spider (Spider:1)
  A scorpion (Spider:5)
  2 orcs (Orc:2)
  A jackal skeleton (D:7)
  240 eldritch tentacle segments (Elf:1)
  9 fungi
  195 toadstools
460 creatures vanquished.

Grand Total: 2077 creatures vanquished

Notes
Turn   | Place    | Note
--------------------------------------------------------------
     0 | D:1      | M4edhros, the Octopode Hunter, began the quest for the Orb.
     0 | D:1      | Reached XP level 1. HP: 13/13 MP: 1/1
   375 | D:1      | Reached XP level 2. HP: 18/18 MP: 2/2
   419 | D:1      | Gained mutation: You can spit poison. [potion of beneficial mutation]
   665 | D:1      | Reached XP level 3. HP: 23/23 MP: 3/3
   966 | D:2      | Reached skill level 5 in Slings
  1201 | D:3      | Noticed Sigmund
  1458 | D:3      | Noticed Natasha
  1516 | D:2      | Reached XP level 4. HP: 9/28 MP: 4/4
  2357 | D:4      | Reached skill level 6 in Slings
  2567 | D:4      | Reached XP level 5. HP: 29/33 MP: 5/5
  2697 | D:4      | Found Hierir's Book Emporium.
  2741 | D:5      | Entered Level 5 of the Dungeon
  2817 | D:4      | Paralysed by a giant eyeball for 2 turns
  2820 | D:4      | Paralysed by a giant eyeball for 3 turns
  3093 | D:4      | Found a glowing drain.
  3116 | Sewer    | Entered a sewer
  3135 | Sewer    | Reached skill level 7 in Slings
  3173 | Sewer    | Reached XP level 6. HP: 38/38 MP: 6/6
  3619 | D:5      | Noticed an ogre
  3626 | D:5      | Killed an ogre
  3626 | D:5      | Reached XP level 7. HP: 33/43 MP: 7/7
  3771 | D:5      | Reached skill level 8 in Slings
  4252 | D:5      | Noticed an ogre
  4277 | D:6      | Found a basalt altar of Yredelemnul.
  4297 | D:6      | Noticed Prince Ribbit
  4322 | D:6      | Killed Prince Ribbit
  4481 | D:6      | Reached XP level 8. HP: 52/52 MP: 8/8
  4555 | D:6      | Found an ancient bone altar of Kikubaaqudgha.
  4560 | D:6      | Noticed a human
  4561 | D:6      | Killed a human
  4599 | D:6      | Found a staircase to the Ecumenical Temple.
  4629 | Temple   | Entered the Ecumenical Temple
  4660 | Temple   | Became a worshipper of Warmaster Okawaru
  5146 | D:5      | Killed an ogre
  5146 | D:5      | Reached skill level 9 in Slings
  6314 | D:3      | Noticed Terence
  6693 | D:3      | Killed Terence
  6693 | D:3      | Reached skill level 5 in Fighting
  6835 | D:3      | Reached skill level 5 in Dodging
  6905 | D:3      | Acquired Okawaru's first power
  6905 | D:3      | Reached XP level 9. HP: 29/61 MP: 9/9
  6992 | D:3      | Noticed a gnoll sergeant
  7005 | D:3      | Killed a gnoll sergeant
  7403 | D:3      | Killed Natasha
  8048 | D:6      | Found a glowing silver altar of Zin.
  8052 | D:6      | Noticed Edmund
  8502 | D:7      | Reached skill level 1 in Shields
  9180 | D:6      | Paralysed by a potion of paralysis for 6 turns
  9263 | D:6      | Killed Edmund
  9263 | D:6      | Reached skill level 10 in Slings
  9718 | D:8      | Noticed Blork the orc
 10071 | D:8      | Noticed Dowan
 10072 | D:8      | Noticed Duvessa
 10179 | D:8      | Killed Duvessa
 10378 | D:7      | Gained mutation: You evolve. [mutagenic meat]
 10379 | D:7      | Gained mutation: You have an increased reservoir of magic (+10% MP). [mutagenic meat]
 10380 | D:7      | Gained mutation: You are partially covered in rough black scales (AC +4, Dex -1). [mutagenic meat]
 10422 | D:8      | Killed Dowan
 10511 | D:7      | Reached XP level 10. HP: 52/68 MP: 11/11
 10760 | D:8      | Killed Blork the orc
 10837 | D:8      | Received a gift from Okawaru
 10940 | D:8      | Reached skill level 5 in Shields
 11058 | D:8      | Noticed Pikel
 11273 | D:8      | Found a staircase to the Lair.
 11463 | D:8      | Killed Pikel
 11828 | D:9      | Received a gift from Okawaru
 11931 | D:9      | Noticed Joseph
 11945 | D:9      | Killed Joseph
 11945 | D:9      | Reached skill level 11 in Slings
 12204 | D:9      | Acquired Okawaru's second power
 12247 | D:9      | Found a roughly hewn altar of Beogh.
 12379 | D:9      | Reached XP level 11. HP: 60/72 MP: 12/12
 12526 | D:9      | Found a shimmering altar of Xom.
 12526 | D:9      | Found a deep blue altar of Sif Muna.
 12564 | D:9      | Received a gift from Okawaru
 12874 | D:10     | Entered Level 10 of the Dungeon
 12874 | D:10     | Noticed a hill giant
 12883 | D:10     | Found a staircase to the Orcish Mines.
 12884 | D:10     | Paralysed by a giant eyeball for 3 turns
 12919 | D:10     | Killed a hill giant
 13321 | D:10     | Paralysed by a giant eyeball for 3 turns
 13361 | D:10     | Learned a level 3 spell: Mephitic Cloud
 13365 | D:10     | Learned a level 3 spell: Regeneration
 13425 | D:10     | Received a gift from Okawaru
 13583 | D:10     | Lost mutation: You are partially covered in rough black scales (AC +4, Dex -1). [evolution]
 13758 | D:11     | Received a gift from Okawaru
 14034 | D:11     | Killed an unseen horror
 14034 | D:11     | Received a gift from Okawaru
 14051 | D:11     | Gained mutation: Your muscles are strong. (Str +2) [potion of beneficial mutation]
 14243 | D:11     | Received a gift from Okawaru
 14296 | D:11     | Noticed Sonja
 14302 | D:11     | Killed Sonja
 14353 | D:11     | Noticed DasRunzen's ghost (powerful DjFE)
 14459 | D:11     | Found Ucugeps' Book Boutique.
 14539 | D:11     | Lost mutation: Your muscles are strong. (Str +2) [evolution]
 14766 | D:11     | Gained mutation: You can spit moderately strong poison. [potion of mutation]
 14766 | D:11     | Gained mutation: You have a fast metabolism. [potion of mutation]
 14766 | D:11     | Gained mutation: Your muscles are strong. (Str +2) [potion of mutation]
 14824 | D:11     | Killed an unseen horror
 14824 | D:11     | Reached skill level 12 in Slings
 15296 | D:11     | Noticed a six-headed hydra
 15366 | D:11     | Killed DasRunzen's ghost
 15366 | D:11     | Received a gift from Okawaru
 15366 | D:11     | Reached skill level 10 in Shields
 15370 | D:11     | Reached XP level 12. HP: 66/79 MP: 12/14
 15435 | D:11     | Killed a six-headed hydra
 15435 | D:11     | Reached skill level 1 in Spellcasting
 15435 | D:11     | Reached skill level 1 in Conjurations
 15435 | D:11     | Reached skill level 1 in Charms
 15435 | D:11     | Reached skill level 1 in Necromancy
 15438 | D:11     | Received a gift from Okawaru
 15677 | D:12     | Gained mutation: You possess an exceptional clarity of mind. [evolution]
 16247 | Lair:1   | Entered Level 1 of the Lair of Beasts
 17628 | Lair:2   | Received a gift from Okawaru
 18564 | Lair:3   | Found a basalt altar of Yredelemnul.
 18633 | Lair:3   | Reached skill level 1 in Poison Magic
 19034 | Lair:3   | Received a gift from Okawaru
 19129 | Lair:3   | Reached skill level 1 in Air Magic
 19362 | Lair:4   | Reached skill level 10 in Dodging
 19511 | Lair:4   | Got a faintly glowing lajatang
 19667 | Lair:4   | Identified the cursed -2,+0 lajatang "Bleiluet" {drain, rF++} (You found it on level 4 of the Lair of Beasts)
 20132 | Lair:4   | Reached XP level 13. HP: 73/83 MP: 15/24
 21286 | Lair:5   | Received a gift from Okawaru
 21580 | Lair:6   | Found a labyrinth entrance.
 21605 | Lab      | Entered a labyrinth
 21993 | Lab      | Noticed a minotaur
 22003 | Lab      | Killed a minotaur
 22017 | Lab      | Identified the Grimoire of Dislocation and Aid
 22063 | Lair:6   | Found a hole to the Spider Nest.
 22125 | Lair:4   | Gained mutation: You rapidly evolve. [evolution]
 22288 | D:8      | Learned a level 3 spell: Conjure Flame
 22294 | D:8      | Learned a level 5 spell: Venom Bolt
 22781 | Lair:6   | Found a staircase to the Swamp.
 23400 | Spider:1 | Entered Level 1 of the Spider Nest
 23514 | Lair:6   | Reached skill level 1 in Fire Magic
 23543 | Lair:6   | Reached skill level 5 in Conjurations
 23547 | Lair:6   | Received a gift from Okawaru
 23937 | Lair:7   | Noticed wojtek's ghost (powerful KoAs)
 23951 | Lair:7   | Killed wojtek's ghost
 24125 | Lair:7   | Reached skill level 5 in Spellcasting
 24183 | Lair:7   | Gained mutation: You have a considerably increased reservoir of magic (+20% MP). [evolution]
 24311 | Lair:7   | Reached skill level 5 in Charms
 24315 | Lair:7   | Found a staircase to the Slime Pits.
 24396 | Lair:7   | Received a gift from Okawaru
 24652 | Lair:8   | Entered Level 8 of the Lair of Beasts
 24659 | Lair:8   | Reached skill level 5 in Poison Magic
 24914 | Lair:8   | Got a distressingly furry shield
 24926 | Lair:8   | Identified the +3 shield of Intercession {Int-2} (You found it on level 8 of the Lair of Beasts)
 24943 | Lair:8   | Received a gift from Okawaru
 25067 | Lair:8   | Received a gift from Okawaru
 25294 | Lair:8   | Reached XP level 14. HP: 74/90 MP: 28/32
 25308 | Lair:8   | Received a gift from Okawaru
 25731 | Lair:8   | Received a gift from Okawaru
 25780 | Lair:8   | Received a gift from Okawaru
 25912 | Lair:8   | Reached skill level 5 in Fire Magic
 26095 | Lair:8   | Received a gift from Okawaru
 26901 | D:6      | Reached skill level 1 in Invocations
 26975 | D:4      | Bought a book of Minor Magic for 240 gold pieces
 26979 | D:4      | Learned a level 2 spell: Repel Missiles
 27122 | Lair:1   | Learned a level 4 spell: Sticky Flame
 27127 | Lair:1   | Learned a level 4 spell: Control Teleport
 27130 | Lair:1   | Learned a level 2 spell: Portal Projectile
 27205 | Lair:4   | Gained mutation: You tend to lose your temper in combat. [evolution]
 27334 | Lair:6   | Reached skill level 1 in Evocations
 27622 | Spider:1 | Noticed Agnes
 27634 | Spider:1 | Killed Agnes
 27899 | Spider:1 | Received a gift from Okawaru
 28004 | Spider:1 | Reached skill level 5 in Evocations
 28067 | Spider:1 | Received a gift from Okawaru
 28069 | Spider:1 | Reached XP level 15. HP: 68/94 MP: 23/36
 28092 | Spider:1 | Got a jewelled shield {god gift}
 28093 | Spider:1 | Identified the +2 shield "Ikae" {Dex+3} (Okawaru gifted it to you on level 1 of the Spider Nest)
 28941 | Spider:2 | Gained mutation: You are partially covered in slimy green scales (AC +2). [potion of beneficial mutation]
 28960 | Spider:2 | Noticed Arachne
 29116 | Spider:2 | Paralysed by a red wasp for 2 turns
 29126 | Spider:1 | Reached skill level 5 in Invocations
 29206 | Spider:2 | Killed Arachne
 29430 | Spider:3 | Noticed Kirke
 29432 | Spider:3 | Noticed Snorg
 29491 | Spider:3 | Received a gift from Okawaru
 29514 | Spider:2 | Killed Snorg
 29514 | Spider:2 | Reached skill level 13 in Slings
 29518 | Spider:2 | Lost mutation: Your muscles are strong. (Str +2) [evolution]
 29729 | Spider:3 | Killed Kirke
 29991 | Spider:3 | Learned a level 2 spell: Blink
 30039 | Spider:3 | Got a fine ivory ring
 30040 | Spider:3 | Identified the ring "Crabej" {Hunger- +Fly rElec Str-1} (You found it on level 3 of the Spider Nest)
 30134 | Spider:3 | Received a gift from Okawaru
 30595 | Spider:4 | Received a gift from Okawaru
 30596 | Spider:4 | Got a polished crossbow {god gift}
 30597 | Spider:4 | Identified the +12,+4 crossbow of Hinov {frost, Str+2} (Okawaru gifted it to you on level 4 of the Spider Nest)
 31127 | Spider:5 | Entered Level 5 of the Spider Nest
 31185 | Spider:5 | Received a gift from Okawaru
 31283 | Spider:5 | Received a gift from Okawaru
 31291 | Spider:5 | Got a crude crossbow {god gift}
 31292 | Spider:5 | Identified the +7,+8 crossbow "Kheus" {penet, rN+ Int+4} (Okawaru gifted it to you on level 5 of the Spider Nest)
 31327 | Spider:5 | Noticed Nikola
 31349 | Spider:5 | Killed Nikola
 31349 | Spider:5 | Reached XP level 16. HP: 43/99 MP: 9/39
 31352 | Spider:5 | Received a gift from Okawaru
 31501 | Spider:5 | Received a gift from Okawaru
 31643 | Spider:5 | Received a gift from Okawaru
 32017 | Spider:5 | Reached skill level 10 in Spellcasting
 32023 | Spider:5 | Received a gift from Okawaru
 32400 | Spider:5 | Lost mutation: You rapidly evolve. [evolution]
 33030 | Temple   | Fell from the grace of Okawaru
 33030 | Temple   | Became a worshipper of Fedhas Madash
 33118 | Orc:1    | Entered Level 1 of the Orcish Mines
 33155 | Orc:1    | Acquired Fedhas' first power
 33316 | Orc:1    | Acquired Fedhas' second power
 33902 | Orc:2    | Acquired Fedhas' third power
 34277 | Orc:3    | Acquired Fedhas' fourth power
 34579 | Orc:4    | Entered Level 4 of the Orcish Mines
 34663 | Orc:4    | Noticed Gorice's ghost (powerful DEIE)
 34697 | Orc:4    | Killed Gorice's ghost
 34697 | Orc:4    | Reached skill level 10 in Evocations
 34807 | Orc:4    | Acquired Fedhas' fifth power
 34918 | Orc:4    | Found Calaw's Assorted Antiques.
 34918 | Orc:4    | Found Doipt's Magic Scroll Emporium.
 34918 | Orc:4    | Found Cresui's Weapon Emporium.
 34957 | Orc:4    | Found Kotabuh's Book Shoppe.
 35070 | Orc:4    | Bought a potion of heal wounds for 84 gold pieces
 35073 | Orc:4    | Bought a scroll of acquirement for 572 gold pieces
 35288 | Orc:4    | Found a roughly hewn altar of Beogh.
 35503 | Orc:3    | Found a staircase to the Elven Halls.
 35946 | Elf:1    | Entered Level 1 of the Elven Halls
 36205 | Elf:1    | Noticed an eldritch tentacle
 36439 | Elf:1    | Killed an eldritch tentacle
 36464 | Elf:1    | Identified the Guide on Orientation and Boosts
 36951 | Elf:2    | Noticed Asterion
 36980 | Elf:2    | Killed Asterion
 37304 | Elf:2    | Got a faintly glowing bardiche
 37341 | Elf:2    | Reached skill level 10 in Invocations
 37500 | Elf:3    | Entered Level 3 of the Elven Halls
 37654 | Elf:3    | Reached XP level 17. HP: 63/105 MP: 11/42
 37772 | Elf:3    | Got an ancient long sword
 39017 | Lair:1   | Lost mutation: You have a fast metabolism. [evolution]
 39440 | Elf:3    | Reached skill level 5 in Air Magic
 39573 | Elf:3    | Noticed a deep elf blademaster
 39592 | Elf:3    | Killed a deep elf blademaster
 39770 | Elf:3    | Got a smoking iron ring
 39882 | Elf:3    | Identified a +4 rod of warding (13/13) (You took it off a deep elf annihilator on level 3 of the Elven Halls)
 39944 | Elf:3    | Noticed a deep elf blademaster
 39970 | Elf:3    | Killed a deep elf blademaster
 40188 | Elf:3    | Noticed a deep elf master archer
 40189 | Elf:3    | Cast into the Abyss (spectral elf)
 40206 | Abyss:1  | Identified the ring of Esujuohe {Wiz rElec} (You took it off a deep elf demonologist on level 3 of the Elven Halls)
 40568 | Abyss:1  | Gained mutation: You have a fast metabolism. [a neqoxec]
 40807 | Abyss:1  | Noticed a lich
 40841 | Abyss:1  | Found a corrupted altar of Lugonu.
 41027 | Abyss:1  | Noticed a bone dragon
 41030 | Abyss:1  | Noticed a bone dragon
 41087 | Abyss:1  | Slain by a tentacled starspawn

Action                   |  1- 3 |  4- 6 |  7- 9 | 10-12 | 13-15 | 16-18 || total
-------------------------+-------+-------+-------+-------+-------+-------++-------
Melee: Short sword       |       |       |    44 |       |       |       ||    44
       Trident           |       |       |   179 |   507 |   567 |       ||  1253
       Hand axe          |       |       |       |    29 |       |       ||    29
       Sling             |       |       |       |     2 |     3 |     2 ||     7
       Staff             |       |       |       |       |   464 |   336 ||   800
       Demon blade       |       |       |       |       |       |    84 ||    84
       Cutlass           |       |       |       |       |       |     3 ||     3
 Fire: Sling             |   115 |   222 |   510 |   731 |   489 |   403 ||  2470
       Blowgun           |       |       |       |     5 |    18 |     9 ||    32
Throw: Stone             |       |       |       |     1 |       |       ||     1
 Cast: Regeneration      |       |       |       |    16 |    89 |    97 ||   202
       Mephitic Cloud    |       |       |       |       |    87 |    51 ||   138
       Sticky Flame      |       |       |       |       |     5 |     6 ||    11
       Conjure Flame     |       |       |       |       |     3 |     4 ||     7
       Venom Bolt        |       |       |       |       |     2 |       ||     2
       Control Teleport  |       |       |       |       |     1 |     6 ||     7
       Repel Missiles    |       |       |       |       |     1 |    23 ||    24
       Portal Projectile |       |       |       |       |       |    58 ||    58
       Blink             |       |       |       |       |       |    10 ||    10
Invok: Heroism           |       |       |     1 |     4 |     3 |     1 ||     9
       Evolution         |       |       |       |       |       |    13 ||    13
       Sunlight          |       |       |       |       |       |     9 ||     9
       Rain              |       |       |       |       |       |     5 ||     5
       Growth            |       |       |       |       |       |     1 ||     1
 Abil: Spit Poison       |       |       |    11 |    21 |     2 |    45 ||    79
       Evoke Teleportati |       |       |       |       |       |     2 ||     2
Evoke: Wand              |       |       |     3 |     2 |     8 |    23 ||    36
       Staff of Olgreb   |       |       |       |       |    52 |   153 ||   205
       Fan of gales      |       |       |       |       |       |     3 ||     3
       Stone of tremors  |       |       |       |       |       |     1 ||     1
       Disc of storms    |       |       |       |       |       |     1 ||     1
  Use: Potion            |     2 |     4 |     6 |     9 |     7 |     6 ||    34
       Scroll            |       |     4 |     8 |    21 |    25 |    21 ||    79
 Stab: Sleeping          |       |       |     7 |    15 |     5 |     4 ||    31
       Distracted        |       |       |     1 |       |     1 |       ||     2
       Confused          |       |       |       |       |    35 |     4 ||    39
       Fleeing           |       |       |       |       |     1 |       ||     1
